 Dungeon Crawl Stone Soup version 0.28.0-53-g5a82cb258f (webtiles) character file.

Game seed: 1862015288513110672

38 spiderkeys the Ducker (level 3, -1/22 HPs)
             Began as a Deep Elf Abyssal Knight on June 10, 2022.
             Was a Follower of Lugonu.
             Frozen to death by an endoplasm (4 damage)
             ... on level 2 of the Dungeon.
             The game lasted 00:02:00 (1600 turns).

spiderkeys the Ducker (Deep Elf Abyssal Knight)     Turns: 1600, Time: 00:02:00

Health: -1/22      AC:  3    Str: 10    XL:     3   Next: 25%
Magic:  7/7        EV: 12    Int: 16    God:    Lugonu [*.....]
Gold:   64         SH:  0    Dex: 15    Spells: 2/2 levels left

rFire   . . .      SeeInvis .   f - +3 dagger (speed)
rCold   . . .      Faith    .   (no shield)
rNeg    . . .      Spirit   .   b - +0 leather armour
rPois   .          Reflect  .   (no helmet)
rElec   .          Harm     .   (no cloak)
rCorr   .          Rampage  .   (no gloves)
Will    .....                   (no boots)
Stlth   +.........              (no amulet)
HPRegen 0.07/turn               (no ring)
MPRegen 0.10/turn               (no ring)

@: no status effects
A: no striking features
a: Renounce Religion, Depart the Abyss


You were on level 2 of the Dungeon.
You worshipped Lugonu.
Lugonu was aware of your devotion.
You visited 1 branch of the dungeon, and saw 3 of its levels.
You visited the Abyss 1 time.

You collected 64 gold pieces.


   Skills:
 + Level 2.9 Fighting
 - Level 1.3 Polearms
 - Level 0.7 Armour
 + Level 3.2 Dodging
 + Level 2.8 Invocations


You had 2 spell levels left.
You didn't know any spells.
Your spell library was empty.

Inventory:

Hand Weapons
 a - a +1 spear
 f - a +3 dagger of speed (weapon)
   (You found it on level 2 of the Dungeon)
Missiles
 c - 22 arrows
 h - 13 stones
Armour
 b - a +0 leather armour (worn)
Scrolls
 g - a scroll of identify {@r1}
Potions
 e - a potion of cancellation

Dungeon Overview and Level Annotations

Branches:
Dungeon (3/15)

Altars:
Vehumet

Annotations:
D:3 exclusion: statue

...................
.............######
#.######..........# #.#
#..........# #.#
#..........# #.#
####..###### #.# #..#
##.#########..######
#.......J@).........
##>########.........
......†..................
).#...#.########...######
#...###.# ######...# ...
... ..>......# ## #.#
######...######## ...
................ #.#
#####.#.########


You could see an endoplasm.


Message History

Lugonu accepts your kill.
You closely miss the rat. You hit the rat.
You kill the rat!
Lugonu accepts your kill.
You barely miss the endoplasm. You hit the endoplasm.
You kill the endoplasm!
Lugonu accepts your kill.
You have reached level 3!
Your experience leads to an increase in your attributes!
Increase (S)trength, (I)ntelligence, or (D)exterity?
You feel clever. x2 😨 HP[+2]
You now have 22 max hp (+4).
You regained 2 hp, and now have 7/22 hp.
Key pressed, stopping explore.
Key pressed, stopping explore.
You see here a quokka skeleton.
Found a stone staircase leading up.
You now have 64 gold pieces (gained 16). 😎 HP[+15] MP[+2]
Your hp is fully restored (22).
Your mp is fully restored (7).
An orc comes into view. It is wielding a +0 mace.
There is a stone staircase leading up here.
You climb upwards.
The adder hisses angrily.
The adder bites you.
There is a stone staircase leading down here. 😕 HP[-3]
You take 3 damage, and now have 19/22 hp.
There are monsters nearby!
You hit the adder. The adder bites you.
You are poisoned.
The adder poisons you! 😕 HP[-2]
You take 2 damage, and now have 17/22 hp.
You barely miss the adder.
You feel sick.
The adder completely misses you. 😮 HP[-2]
You take 2 damage, and now have 15/22 hp.
You hit the adder.
You feel sick. The adder barely misses you. 😮 HP[-1]
You take 1 damage, and now have 14/22 hp.
You hit the adder. The adder barely misses you.
You closely miss the adder.
You feel sick. The adder barely misses you. 😮 HP[-1]
You take 1 damage, and now have 13/22 hp.
You hit the adder. Your punch misses the adder.
You feel sick. The adder closely misses you. 😮 HP[-1]
You take 1 damage, and now have 12/22 hp.
You closely miss the adder. The adder barely misses you. 😮 HP[+1]
You hit the adder.
You kill the adder!
Lugonu accepts your kill.
You feel sick. 😮 HP[-1]
You take 1 damage, and now have 12/22 hp.
You feel sick. 😨 HP[-1]
You take 1 damage, and now have 11/22 hp.
You feel sick.
You are no longer poisoned. 😨 HP[-1]
You take 1 damage, and now have 10/22 hp.
A kobold comes into view. It is wielding a +2 dagger of speed.
The kobold shouts!
Press: ? - help, v - describe, . - travel
Here: a kobold, wielding a +2 dagger of speed The floor.
As you read the scroll labelled HYOCRES TAUNI, it crumbles to dust.
It is a scroll of identify.
e - a potion of cancellation
Okay, then.
Unknown command.
Unknown command.
As you read the scroll labelled WIDOOZIOTUN, it crumbles to dust.
It is a scroll of enchant weapon.
Your +2 dagger of speed glows red for a moment.
The endoplasm hits you.
* * * LOW HITPOINT WARNING * * *
The kobold closely misses you. 😨 HP[-1]
You take 1 damage, and now have 9/22 hp.
You hit the kobold.
The kobold hits you with a +2 dagger of speed.
* * * LOW HITPOINT WARNING * * *
The endoplasm freezes you.
You are frozen.
* * * LOW HITPOINT WARNING * * *
😱 HP[-6]
You take 6 damage, and now have 3/22 hp.
MASSIVE DAMAGE!! (PAUSE)
You hit the kobold.
You kill the kobold!
Lugonu accepts your kill. The endoplasm freezes you.
You are frozen.
You die...

Skill      XL: |  1  2 |
---------------+-------+-----
Dodging        | 3 |  3.2
Fighting       | |  2.9
Polearms       | |  1.3
Armour         | |  0.7
Invocations    | |  2.8

Action                   || total
-------------------------++-------
Melee: Spear             ||    54
       Punch             ||     1
       Dagger            ||    27
  Use: Scroll            ||     5
 Stab: Sleeping          ||     3
Armor: Leather armour    ||    18
Dodge: Dodged            ||    48

Levels and vault maps discovered:
D:1:      minmay_arrival_jagged, layout_rooms,
          hellmonk_ecumenical_altar_watching_god, minmay_pentomino_z4
D:2:      kennysheep_the_goblin_king, layout_basic
D:3:      layout_loops_ring, vehumet_statue, uniq_terence

Notes
Turn   | Place    | Note
-------+----------+-------------------------------------------
     0 | Abyss:1  | spiderkeys the Deep Elf Abyssal Knight began the quest for
                  | the Orb.
     0 | Abyss:1  | Reached XP level 1. HP: 13/13 MP: 4/4
     0 | Abyss:1  | magus.rc [v1.11.3]
    25 | D:1      | You pass through the gate.
    25 | D:1      | Escaped the Abyss
   630 | D:1      | Found a faded altar of an unknown god.
   631 | D:1      | Noticed a floating eye
   633 | D:1      | Noticed a floating eye
   633 | D:1      | Noticed a shining eye
   633 | D:1      | Noticed a floating eye
   638 | D:1      | Reached XP level 2. HP: 18/18 MP: 5/5
  1027 | D:2      | Reached skill level 3 in Dodging
  1289 | D:2      | You fall into a shaft and drop 1 floor!
  1294 | D:3      | Found a radiant altar of Vehumet.
  1294 | D:3      | Noticed a charred statue
  1345 | D:3      | Reached XP level 3. HP: 7/22 MP: 5/7
  1599 | D:2      | HP: 3/22 [frozen (5)]
  1600 | D:2      | Frozen to death by an endoplasm

Vanquished Creatures
  2 adders (D:2)
  3 endoplasms
  A giant cockroach (D:2)
  2 hobgoblins
  3 kobolds
  2 quokkas
  A ball python (D:1)
  3 bats
  A frilled lizard (D:2)
  4 rats
22 creatures vanquished.

Table legend:
 A = Non-vault XP
 B = Vault XP
 C = Vault XP percentage of total XP
 D = Non-vault monster count
 E = Vault monster count
 F = Vault count percentage of total count
                 A         B        C        D         E       F
            +---------+---------+-------+---------+---------+-------
      Total |      54 |       3 |   5.3 |      20 |       2 |   9.1
            +---------+---------+-------+---------+---------+-------
        D:1 |      14 |       3 |  17.6 |       9 |       2 |  18.2
        D:2 |      31 |       0 |   0.0 |       5 |       0 |   0.0
        D:3 |       9 |       0 |   0.0 |       6 |       0 |   0.0
            +---------+---------+-------+---------+---------+-------

Illustrated notes

Table legend:
 A = Kills in this place as a percentage of kills in entire the game.
 B = Kills by you in this place as a percentage of kills by you in the entire game.
 C = Kills by friends in this place as a percentage of kills by friends in the entire game.
 D = Other kills in this place as a percentage of other kills in the entire game.
 E = Experience gained in this place as a percentage of experience gained in the entire game.
 F = Experience gained in this place divided by the number of levels of this place that you have seen.
                   A       B       C       D       E      F
               +-------+-------+-------+-------+-------+----------------------
         Total | 100.0 | 100.0 |   N/A |   N/A | 100.0 |  14.2
       Dungeon | 100.0 | 100.0 |   N/A |   N/A | 100.0 |  19.0
               +-------+-------+-------+-------+-------+----------------------

Table legend: (Time is in decaauts)
 A = Elapsed time spent in this place.
 B = Non-inter-level travel time spent in this place.
 C = Inter-level travel time spent in this place.
 D = Time resting spent in this place.
 E = Time spent auto-exploring this place.
 F = Levels seen in this place.
 G = Mean time per level.
                   A        B        C        D        E       F      G
               +--------+--------+--------+--------+--------+-----+--------+
         Total |   1591 |   1570 |     21 |    172 |   1198 |   4 |  397.8 |
       Dungeon |   1566 |   1545 |     21 |    172 |   1182 |   3 |  522.0 |
         Abyss |     25 |     25 |      0 |      0 |     16 |   1 |   25.0 |
               +--------+--------+--------+--------+--------+-----+--------+

Top non-repeatable levels by time:
     D:1: 955 daAuts
     D:2: 325 daAuts
     D:3: 285 daAuts
 Abyss:1: 25 daAuts
